 Dungeon Crawl Stone Soup version 0.31-a0-965-g8a8ce12e04 (webtiles) character file.

Game seed: 14941295419910757222

247 kaisn the Trooper (level 6, -6/52 HPs)
             Began as a Formicid Fighter on Oct 26, 2023.
             Was a Follower of Okawaru.
             Mangled by Eustachio
             ... wielding a +0 rapier
              (8 damage)
             ... on level 4 of the Dungeon.
             The game lasted 00:10:17 (2821 turns).

kaisn the Trooper (Formicid Fighter)                Turns: 2821, Time: 00:10:18

Health: -6/52      AC: 14    Str: 22    XL:     6   Next: 33%
Magic:  1/2        EV:  8    Int:  8    God:    Okawaru [*.....]
Gold:   161        SH:  5    Dex: 13    Spells: 5/5 levels left

rFire   + . .        q - +8 Wrath of Trog {antimagic, *Rage Rampage}
rCold   + . .        c - +0 buckler
rNeg    . . .        d - +0 chain mail
rPois   .            (helmet unavailable)
rElec   .            m - scarf {rC+ rF+}
rCorr   .            s - +2 pair of gloves
SInv    +            f - +1 pair of boots
Will    .....        (no amulet) Stlth
                     (no ring)
HPRegen 0.28/turn    (no ring)
MPRegen 0.08/turn

%: rampage
@: no status effects
A: permanent stasis, dig shafts and tunnels, antennae 3, four strong arms
a: Dig, Shaft Self, Renounce Religion, Heroism


You were on level 4 of the Dungeon.
You worshipped Okawaru.
Okawaru was aware of your devotion.
You visited 1 branch of the dungeon, and saw 4 of its levels.

You collected 161 gold pieces.

Inventory:

Hand Weapons
 a - a +0 war axe
 n - a +3 spear
 q - the +8 Wrath of Trog (weapon) {antimagic, *Rage Rampage}
   (You found it on level 3 of the Dungeon)

   It causes slowness and exhaustion when equipped.
   It extends the wielder's berserk rage when killing foes.
   *Rage:     It berserks you when you make melee attacks (+50% chance).
   Rampage:   It bestows one free step when moving towards enemies.
Missiles
 e - 10 poisoned darts
Armour
 c - a +0 buckler (worn)
 d - a +0 chain mail (worn)
 f - a +1 pair of boots (worn)
 m - a scarf of resistance (worn)
 s - a +2 pair of gloves (worn)
Scrolls
 h - 5 scrolls of identify {unknown}
 i - a scroll of blinking {unknown}
 j - a scroll of fear {unknown}
 k - a scroll of enchant armour {unknown}
 l - a scroll of revelation {unknown}
 p - a scroll of enchant weapon {unknown}
 r - a scroll of teleportation {unknown}


   Skills:
 - Level 6.0 Fighting
 + Level 4.2 Axes
 - Level 3.2 Armour
 - Level 4.0 Shields


You had 5 spell levels left.
You didn't know any spells.
Your spell library contained the following spells:

 Spells                   Type           Power      Damage    Failure   Level
 Freeze                   Ice            0%         1d3       98%         1
 Ensorcelled Hibernation  Hex/Ice        0%         N/A       99%         2
 Jinxbite                 Hex            0%         N/A       99%         2
 Frozen Ramparts          Ice            0%         1d1       100%        3
 Hailstorm                Conj/Ice       0%         3d3       100%        3
 Anguish                  Hex/Necr       0%         N/A       100%        4


Dungeon Overview and Level Annotations

Branches:
Dungeon (4/15)
 Temple: D:4-7

Altars:
Okawaru

Annotations:
D:1 2 runed translucent doors
D:4 Eustachio


Innate Abilities, Weirdness & Mutations

You cannot be hasted, slowed, berserked, paralysed or teleported.
You can dig through walls and to a lower floor.
You have a pair of large antennae on your head. (SInv)
Your four strong arms can wield two-handed weapons with a shield.


Message History

The gnoll hits you with a +0 club. The gnoll barely misses you.
The gnoll bouda hits you but does no damage.
You hit the gnoll bouda but do no damage.
You closely miss the gnoll. You slash the gnoll! You hit the gnoll.
You feel like a meek peon again. You block the gnoll's attack.
The gnoll hits you but does no damage. The gnoll hits you with a +0 club.
* * * LOW HITPOINT WARNING * * *
The gnoll hits you but does no damage.
A jackal comes into view.
The gnoll hits you but does no damage.
The gnoll bouda hits you with a +0 whip.
* * * LOW HITPOINT WARNING * * *
The gnoll hits you but does no damage.
You barely miss the gnoll bouda. You completely miss the gnoll.
You slash the gnoll! You hit the gnoll. x2
Your attacks no longer feel as feeble.
The gnoll is no longer moving quickly.
The gnoll hits you but does no damage. The gnoll completely misses you.
The gnoll barely misses you. You block the gnoll's attack.
A jackal comes into view.
The gnoll bouda hits you with a +0 whip.
* * * LOW HITPOINT WARNING * * *
The gnoll barely misses you. The gnoll hits you with a +0 whip.
* * * LOW HITPOINT WARNING * * *
The gnoll hits you with a +0 club.
* * * LOW HITPOINT WARNING * * *
The gnoll hits you but does no damage. You block the gnoll's attack.
You closely miss the gnoll bouda.
The jackal barks!
You slash Eustachio!
Eustachio's magic leaks into the air.
You hit the gnoll. x2
You slash the gnoll!
You kill the gnoll!
Okawaru accepts your kill.
You barely miss the gnoll. You hit the gnoll.
The gnoll hits you with a +0 club.
* * * LOW HITPOINT WARNING * * *
The gnoll barely misses you. Eustachio hits you with a +0 rapier!
You die...
Eustachio says, "Such is the fate of all honourless rascals."

..... #.....
..... #......
.....# ##......(
......###........
.................
.................
......gg)......<.
.....hg@g<.......
.....ghg@†.......
.....g.g.........
.................
#..h#...#........
.....###.........
.h... .##......
'.....' . ......


You could see Eustachio (magic disrupted), a gnoll bouda, 7 gnolls and 4
jackals.

Vanquished Creatures
  2 hounds (D:4)
  Terence (D:3)
  2 iguanas (D:4)
  A gnoll (D:4)
  5 adders
  A worm (D:2)
  2 dart slugs
  2 orcs (D:4)
  8 ball pythons
  2 bats
  6 endoplasms
  4 giant cockroaches
  2 goblins
  5 hobgoblins
  7 jackals
  4 quokkas
  3 frilled lizards
  4 kobolds
  A rat (D:2)
62 creatures vanquished.

Notes
Turn   | Place    | Note
-------+----------+-------------------------------------------
     0 | D:1      | kaisn the Formicid Fighter began the quest for the Orb.
     0 | D:1      | Reached XP level 1. HP: 18/18 MP: 1/1
    90 | D:1      | Found a large runed translucent door.
    90 | D:1      | Found a large runed translucent door.
    90 | D:1      | Noticed an orc wizard
    91 | D:1      | Noticed an orc warrior
    94 | D:1      | Noticed an orc wizard
    95 | D:1      | Reached XP level 2. HP: 25/25 MP: 2/2
   201 | D:1      | Reached skill level 4 in Fighting
   678 | D:1      | Reached XP level 3. HP: 29/31 MP: 3/3
  1222 | D:2      | Found a faded altar of an unknown god.
  1238 | D:2      | Prayed at the altar of an unknown god.
  1238 | D:2      | Became a worshipper of Warmaster Okawaru
  1238 | D:2      | Reached * piety under Okawaru
  1435 | D:2      | Reached skill level 5 in Fighting
  1457 | D:2      | Reached XP level 4. HP: 39/39 MP: 4/4
  2239 | D:3      | Noticed Terence
  2240 | D:3      | Found the +8 Wrath of Trog {antimagic, *Rage Rampage}
  2253 | D:3      | Killed Terence
  2254 | D:3      | Reached XP level 5. HP: 30/46 MP: 5/5
  2503 | D:3      | Reached skill level 6 in Fighting
  2805 | D:4      | Reached XP level 6. HP: 40/52 MP: 2/6
  2809 | D:4      | Reached ** piety under Okawaru
  2809 | D:4      | Noticed Eustachio
  2821 | D:4      | HP: 2/52 [gnoll/+0 club[a gnoll bouda] (6)]
  2821 | D:4      | Mangled by Eustachio

Illustrated notes

Levels and vault maps discovered:
D:1:      erik_arrival_cave_to_civilisation [erik_arrival_cave_to_temple],
          layout_basic
D:2:      layout_loops_ring, nicolae_ecumenical_snake_handling
D:3:      layout_loops_corners, nicolae_figureground_sparkle, uniq_terence
D:4:      layout_cave_pods, minmay_fractal_squares_diagonal_5, uniq_eustachio

Skill      XL: |  1  2  3  4  5  6 |
---------------+-------------------+-----
Fighting       | 4 5 6 |  6.0
Axes           | 3 4 |  4.2
Armour         | |  3.2
Shields        | |  4.0

Action                     |  1- 3 |  4- 6 || total
---------------------------+-------+-------++-------
  Melee: War axe           |    61 |    19 ||    80
         Spear             |       |    33 ||    33
         Battleaxe         |       |    33 ||    33
 Invoke: Heroism           |       |     1 ||     1
    Use: Potion            |       |     2 ||     2
 Armour: Scale mail        |    47 |    36 ||    83
         Chain mail        |       |    76 ||    76
  Dodge: Dodged            |    33 |    81 ||   114
  Block: Buckler           |    23 |    30 ||    53

Table legend: (Time is in decaauts)
 A = Elapsed time spent in this place.
 B = Non-inter-level travel time spent in this place.
 C = Inter-level travel time spent in this place.
 D = Time resting spent in this place.
 E = Time spent auto-exploring this place.
 F = Levels seen in this place.
 G = Mean time per level.
                   A        B        C        D        E       F      G
               +--------+--------+--------+--------+--------+-----+--------+
         Total |   2875 |   2703 |    172 |     43 |   2188 |   4 |  718.8 |
       Dungeon |   2875 |   2703 |    172 |     43 |   2188 |   4 |  718.8 |
               +--------+--------+--------+--------+--------+-----+--------+

Top non-repeatable levels by time:
     D:1: 1219 daAuts
     D:3: 919 daAuts
     D:2: 696 daAuts
     D:4: 39 daAuts
